[ PARTIDA AOE2 · #482579892 ]
1v1 RMPersas vs Spanish
Equipo del jugador · VICT
Equipo rival · DERR
[ ANÁLISIS DE REPETICIÓN · EXTRAÍDO DE LA PARTIDA GRABADA ]
Feudal
10:30
Castillos
15:53
Imperial
—
| APM promedio | 47.5 |
| APM pico | 99 |
| eAPM promedio | 14.9 |
| Aldeanos / militares | 32 / 15 |
Foco
⚔️ 14.4% · 🌾 85.6%
Knight ×11 · Fishing Ship ×3 · Mangonel ×2 · Demolition Raft ×1 · Monk ×1
Feudal
12:48
Castillos
18:41
Imperial
—
| APM promedio | 69.3 |
| APM pico | 94 |
| eAPM promedio | 39.0 |
| Aldeanos / militares | 44 / 6 |
Foco
⚔️ 22.3% · 🌾 77.7%
Fishing Ship ×20 · Fire Galley ×3 · Conquistador ×3
Mapa de la partida
Recursos al inicio + cada clic de construcción. Línea gruesa = muro · recuadro discontinuo = muro de casas detectado. 🟡 oro · ⚪ piedra · 🟢 bayas · 🔶 jabalí · ⭕ reliquia
Tu base· Abierta — flanco sin cerrar
Base de Spsツ· Abierta — flanco sin cerrar
Terreno con relieve · ⚠ = hueco de muro detectado · pasá el cursor para detalles
Inputs por minuto
— Black Bart 8889 - - Spsツ
Build order — Black Bart 8889
90 acciones detectadas en el replay
| 0:01 | Crear | Villager (Male) |
| 0:01 | Crear | Villager (Male) |
| 0:01 | Crear | Villager (Male) |
| 0:03 | Construir | House |
| 0:05 | Construir | House |
| 0:21 | Crear | Villager (Male) |
| 0:22 | Crear | Villager (Male) |
| 1:30 | Crear | Villager (Male) |
| 1:30 | Crear | Villager (Male) |
| 2:17 | Crear | Villager (Male) |
| 2:18 | Crear | Villager (Male) |
| 2:44 | Crear | Villager (Male) |
| 2:44 | Crear | Villager (Male) |
| 2:58 | Crear | Villager (Male) |
| 3:15 | Construir | Lumber Camp |
| 3:23 | Crear | Villager (Male) |
| 4:00 | Crear | Villager (Male) |
| 4:00 | Crear | Villager (Male) |
| 4:09 | Construir | House |
| 4:12 | Investigar | Loom |
| 4:52 | Crear | Villager (Male) |
| 4:52 | Crear | Villager (Male) |
| 4:53 | Crear | Villager (Male) |
| 5:03 | Crear | Villager (Male) |
| 5:18 | Crear | Villager (Male) |
| 5:56 | Construir | Mill |
| 5:57 | Crear | Villager (Male) |
| 6:05 | Crear | Villager (Male) |
| 6:09 | Construir | House |
| 6:31 | Crear | Villager (Male) |
| 7:03 | Crear | Villager (Male) |
| 7:19 | Crear | Villager (Male) |
| 8:11 | Construir | Dock |
| 8:26 | Investigar | Feudal Age |
| 8:26 | Investigar | Feudal Age |
| 8:37 | Construir | Lumber Camp |
| 8:40 | Construir | House |
| 8:55 | Construir | Mining Camp |
| 9:39 | Crear | Fishing Ship |
| 9:47 | Construir | House |
| 10:10 | Crear | Fishing Ship |
| 10:15 | Crear | Fishing Ship |
| 10:26 | Crear | Villager (Male) |
| 10:30 | Edad | Edad Feudal |
| 11:01 | Construir | Market |
| 11:08 | Crear | Villager (Male) |
| 11:55 | Construir | Blacksmith |
| 12:01 | Crear | Villager (Male) |
| 12:36 | Crear | Villager (Male) |
| 12:52 | Construir | Barracks |
| 12:57 | Crear | Demolition Raft |
| 13:28 | Investigar | Castle Age |
| 13:28 | Investigar | Castle Age |
| 14:13 | Construir | Stable |
| 14:26 | Investigar | Scale Barding Armor |
| 14:40 | Construir | Stable |
| 14:46 | Construir | Farm |
| 14:48 | Construir | Farm |
| 14:50 | Construir | Farm |
| 14:54 | Investigar | Double-Bit Axe |
| 15:13 | Construir | Farm |
| 15:16 | Construir | House |
| 15:27 | Construir | House |
| 15:49 | Construir | Farm |
| 15:50 | Construir | Farm |
| 15:53 | Edad | Edad de los Castillos |
| 15:58 | Crear | Knight |
| 16:12 | Construir | Farm |
| 16:42 | Crear | Knight |
| 16:42 | Crear | Knight |
| 16:50 | Construir | Farm |
| 17:03 | Construir | Monastery |
| 17:06 | Crear | Knight |
| 17:49 | Crear | Villager (Male) |
| 17:58 | Crear | Monk |
| 18:04 | Construir | Siege Workshop |
| 18:09 | Crear | Villager (Male) |
| 18:16 | Crear | Knight |
| 18:35 | Construir | Farm |
| 18:37 | Construir | Farm |
| 18:39 | Crear | Knight |
| 18:59 | Crear | Mangonel |
| 19:12 | Construir | House |
| 20:27 | Crear | Knight |
| 20:34 | Crear | Mangonel |
| 21:14 | Crear | Villager (Male) |
| 21:17 | Crear | Knight |
| 21:17 | Crear | Knight |
| 21:17 | Crear | Knight |
| 21:39 | Crear | Knight |
Build order — Spsツ
131 acciones detectadas en el replay
| 0:01 | Crear | Villager (Male) |
| 0:02 | Crear | Villager (Male) |
| 0:03 | Construir | House |
| 0:07 | Construir | House |
| 0:31 | Crear | Villager (Male) |
| 0:32 | Crear | Villager (Male) |
| 1:36 | Crear | Villager (Male) |
| 1:36 | Crear | Villager (Male) |
| 1:36 | Crear | Villager (Male) |
| 2:01 | Crear | Villager (Male) |
| 2:02 | Crear | Villager (Male) |
| 2:14 | Construir | Lumber Camp |
| 2:19 | Crear | Villager (Male) |
| 3:10 | Crear | Villager (Male) |
| 3:10 | Crear | Villager (Male) |
| 3:34 | Crear | Villager (Male) |
| 3:34 | Crear | Villager (Male) |
| 3:39 | Investigar | Loom |
| 3:41 | Construir | House |
| 4:15 | Construir | Dock |
| 4:28 | Crear | Villager (Male) |
| 4:28 | Crear | Villager (Male) |
| 4:56 | Crear | Fishing Ship |
| 5:16 | Crear | Villager (Male) |
| 5:16 | Crear | Villager (Male) |
| 5:27 | Crear | Fishing Ship |
| 5:27 | Crear | Fishing Ship |
| 5:47 | Crear | Villager (Male) |
| 5:48 | Crear | Villager (Male) |
| 6:06 | Construir | Lumber Camp |
| 6:20 | Construir | Lumber Camp |
| 6:25 | Crear | Villager (Male) |
| 6:25 | Crear | Villager (Male) |
| 6:42 | Construir | House |
| 7:02 | Crear | Fishing Ship |
| 7:23 | Crear | Fishing Ship |
| 7:24 | Crear | Fishing Ship |
| 7:26 | Crear | Villager (Male) |
| 7:26 | Crear | Villager (Male) |
| 7:26 | Crear | Villager (Male) |
| 7:27 | Crear | Villager (Male) |
| 7:56 | Crear | Fishing Ship |
| 7:56 | Crear | Fishing Ship |
| 8:29 | Crear | Villager (Male) |
| 8:32 | Construir | House |
| 8:37 | Construir | House |
| 8:41 | Construir | House |
| 8:48 | Crear | Fishing Ship |
| 8:48 | Crear | Villager (Male) |
| 8:48 | Crear | Villager (Male) |
| 8:49 | Crear | Villager (Male) |
| 8:49 | Crear | Villager (Male) |
| 8:49 | Crear | Villager (Male) |
| 8:59 | Construir | Dock |
| 9:23 | Crear | Villager (Male) |
| 9:23 | Crear | Villager (Male) |
| 9:36 | Crear | Fishing Ship |
| 9:53 | Crear | Fishing Ship |
| 9:56 | Crear | Villager (Male) |
| 9:56 | Crear | Villager (Male) |
| 9:56 | Crear | Villager (Male) |
| 10:12 | Construir | Dock |
| 10:38 | Investigar | Feudal Age |
| 10:39 | Investigar | Feudal Age |
| 10:43 | Construir | House |
| 10:50 | Construir | Mining Camp |
| 10:58 | Crear | Fishing Ship |
| 10:59 | Crear | Fishing Ship |
| 10:59 | Crear | Fishing Ship |
| 10:59 | Crear | Fishing Ship |
| 10:59 | Crear | Fishing Ship |
| 11:05 | Crear | Fishing Ship |
| 11:37 | Crear | Fishing Ship |
| 11:37 | Crear | Fishing Ship |
| 11:37 | Crear | Fishing Ship |
| 11:56 | Construir | Mill |
| 12:48 | Edad | Edad Feudal |
| 12:50 | Crear | Fire Galley |
| 12:54 | Crear | Fire Galley |
| 12:55 | Crear | Fire Galley |
| 12:56 | Crear | Villager (Male) |
| 12:56 | Crear | Villager (Male) |
| 12:56 | Crear | Villager (Male) |
| 12:56 | Crear | Villager (Male) |
| 13:12 | Investigar | Double-Bit Axe |
| 13:12 | Investigar | Double-Bit Axe |
| 13:13 | Investigar | Double-Bit Axe |
| 14:21 | Investigar | Tech 906 |
| 15:05 | Construir | Market |
| 15:10 | Construir | Blacksmith |
| 15:18 | Construir | Market |
| 16:01 | Investigar | Castle Age |
| 16:01 | Investigar | Castle Age |
| 16:43 | Construir | Mining Camp |
| 17:13 | Investigar | Stone Mining |
| 17:13 | Investigar | Stone Mining |
| 17:14 | Investigar | Gold Mining |
| 17:17 | Investigar | Horse Collar |
| 17:17 | Investigar | Horse Collar |
| 17:18 | Investigar | Horse Collar |
| 17:27 | Construir | House |
| 17:30 | Construir | House |
| 17:31 | Construir | Palisade Wall |
| 17:39 | Construir | House |
| 17:41 | Construir | House |
| 17:51 | Construir | House |
| 17:58 | Construir | House |
| 18:00 | Construir | House |
| 18:02 | Construir | House |
| 18:04 | Construir | House |
| 18:07 | Construir | Palisade Wall |
| 18:41 | Edad | Edad de los Castillos |
| 18:43 | Construir | Palisade Wall |
| 18:49 | Crear | Villager (Male) |
| 18:49 | Crear | Villager (Male) |
| 18:49 | Crear | Villager (Male) |
| 19:02 | Construir | House |
| 19:38 | Construir | House |
| 20:13 | Construir | Castle |
| 20:48 | Construir | House |
| 20:51 | Construir | House |
| 20:56 | Construir | House |
| 20:58 | Construir | House |
| 21:02 | Construir | House |
| 21:11 | Construir | Palisade Wall |
| 21:15 | Construir | Palisade Wall |
| 21:25 | Crear | Conquistador |
| 21:25 | Crear | Conquistador |
| 21:25 | Crear | Conquistador |
| 21:52 | Construir | House |
| 21:54 | Construir | House |
Cronología de la partida
| 4:15 | Spsツ · first_building Dock |
| 8:11 | Black Bart 8889 · first_building Dock |
| 10:30 | Black Bart 8889 · age_up feudal |
| 12:48 | Spsツ · age_up feudal |
| 12:52 | Black Bart 8889 · first_building Barracks |
| 14:13 | Black Bart 8889 · first_building Stable |
| 15:53 | Black Bart 8889 · age_up castle |
| 17:03 | Black Bart 8889 · first_building Monastery |
| 17:31 | Spsツ · wall_segment Palisade Wall x1 |
| 18:04 | Black Bart 8889 · first_building Siege Workshop |
| 18:07 | Spsツ · wall_segment Palisade Wall x1 |
| 18:41 | Spsツ · age_up castle |
| 18:43 | Spsツ · wall_segment Palisade Wall x3 |
| 20:07 | Spsツ · first_market_buy 100 stone |
| 20:13 | Spsツ · first_building Castle |
| 21:11 | Spsツ · wall_segment Palisade Wall x1 |
| 21:15 | Spsツ · wall_segment Palisade Wall x1 |
| 22:29 | Spsツ · resign |
[ ANÁLISIS IA · 1 CRÉDITO ]
¿Qué pasó realmente en esta partida?
Wolo.gg analiza cada decisión: build order, eco, micro, errores típicos por bracket. Análisis personalizado por WhatsApp o Discord en 30 segundos.
Guía civ
Persas
Guía mapa
MegaRandom
Perfil
Black Bart 8889